 Dungeon Crawl Stone Soup version 0.19.1-1-g22dce08 (webtiles) character file.

1626 Jynx the Chiller (level 8, -3/58 HPs)
             Began as a Merfolk Ice Elementalist on Jan 14, 2017.
             Was a Believer of Makhleb.
             Slain by Menkaure (20 damage)
             ... on level 5 of the Dungeon.
             The game lasted 00:14:46 (6141 turns).

Jynx the Chiller (Merfolk Ice Elementalist)         Turns: 6141, Time: 00:14:47

Health: -3/58      AC:  4    Str:  9    XL:     8   Next: 97%
Magic:  0/14       EV: 13    Int: 16    God:    Makhleb [**....]
Gold:   305        SH:  0    Dex: 14    Spells: 6 memorised, 1 level left

rFire  . . .     SeeInvis .     v - +0 halberd
rCold  . . .     Gourm    .     a - +1 robe
rNeg   . . .     Faith    .     (shield currently unavailable)
rPois  +         Spirit   .     f - +0 helmet
rElec  .         Reflect  .     (no cloak)
rCorr  .         Harm     .     (no gloves)
MR     .....                    (no boots)
Stlth  ++........               (no amulet)
                                (no ring)
                                h - ring of poison resistance

@: very slightly contaminated
A: change form in water, swift swim, stealthy swim
a: Minor Destruction, Renounce Religion


You were on level 5 of the Dungeon.
You worshipped Makhleb.
Makhleb was pleased with you.
You were hungry.

You visited 2 branches of the dungeon, and saw 6 of its levels.

You collected 305 gold pieces.

Inventory:

Hand Weapons
 v - a +0 halberd (weapon)
Armour
 a - a +1 robe (worn)
 e - +0 ice dragon scales
 f - a +0 helmet (worn)
Magical Staves
 p - an uncursed staff of conjuration
Jewellery
 h - a ring of poison resistance (left hand)
 w - an uncursed amulet of harm
Wands
 i - a wand of slowing (48/48)
Scrolls
 k - 3 scrolls of teleportation
 o - a scroll of remove curse
 q - 2 scrolls of fear
Potions
 g - a potion of heal wounds {unknown}
 j - 4 potions of degeneration
 l - a potion of curing
 m - a potion of agility
 z - a potion of haste
Books
 b - a book of Frost

   Spells                             Type                      Level
   a - Freeze                         Ice                          1
   b - Throw Frost                    Conjuration/Ice              2
   c - Ozocubu's Armour               Charms/Ice                   3
   d - Throw Icicle                   Conjuration/Ice              4
   e - Summon Ice Beast               Ice/Summoning                4
 s - a book of Necromancy

   Spells                             Type                      Level
   a - Pain                           Necromancy                   1
   b - Animate Skeleton               Necromancy                   1
   c - Vampiric Draining              Necromancy                   3
   d - Regeneration                   Charms/Necromancy            3
   e - Animate Dead                   Necromancy                   4
   f - Control Undead                 Necromancy                   4
Comestibles
 c - 3 bread rations
 d - a beef jerky
 n - 3 chunks of flesh
 x - 3 meat rations


   Skills:
 + Level 3.4 Fighting
 + Level 4.5 Polearms
 - Level 2.6 Dodging
 - Level 2.1 Stealth
 + Level 4.5 Spellcasting
 + Level 3.3 Conjurations
 + Level 4.3 Charms
 * Level 7.8 Ice Magic


You had one spell level left.
You knew the following spells:

 Your Spells              Type           Power        Failure   Level  Hunger
a - Freeze                Ice            ####         1%          1    None
b - Throw Frost           Conj/Ice       ###...       2%          2    ##.....
c - Ozocubu's Armour      Chrm/Ice       ###.....     4%          3    ###....
d - Throw Icicle          Conj/Ice       ###.....     17%         4    ####...
e - Summon Ice Beast      Ice/Summ       ###.....     34%         4    ####...
f - Pain                  Necr           #...         17%         1    None


Dungeon Overview and Level Annotations

Branches:
Dungeon (5/15)             Temple (1/1) D:5

Altars:
Ashenzari
Cheibriados
Elyvilon
Fedhas
Makhleb
Qazlal
Ru
Sif Muna
Uskayaw
Vehumet
Xom
The Shining One

Annotations:
D:5 Menkaure


Message History

Menkaure seems to speed up.
Casting: Freeze
Confirm with . or Enter, or press ? or * to list all spells.
Aiming: Freeze
Press: ? - help, Shift-Dir - straight line, f/p - Menkaure
Aim: Menkaure (moderately damaged, fast)
You freeze Menkaure.
Menkaure resists.
Menkaure is heavily damaged.
Menkaure calls on the powers of darkness!
Your body is wracked with pain!
Casting: Freeze
Confirm with . or Enter, or press ? or * to list all spells.
Aiming: Freeze
Press: ? - help, Shift-Dir - straight line, f/p - Menkaure
Aim: Menkaure (heavily damaged, fast)
You miscast Freeze.
Nothing appears to happen.
Menkaure hits you.
* * * LOW HITPOINT WARNING * * *
As you read the scroll of fear, it crumbles to dust.
You assume a fearsome visage.
Menkaure is unaffected.
Menkaure hits you!!
You die...

###.####.#.>.......
...........###########.
#........)...........
##..###.########.####.
... ###.# ##### .### #
#.##...###..)###....
##.#.....#..#..#..#... ..
.........M.###...###.....
#.##....@#..#...(.#...#.#
#.###..)###...###.....#.#
#.# #.### #....##..##.#.#
#.# #.# ##..g.##...#.#.#
#.# #.# #..#.g...#......
##.###.# #.###.(.###.....
#......# #..#...g.#...#..
##..#####
##..........[###
#######.....#
##...##.......#


You could see Menkaure.

Vanquished Creatures
  Prince Ribbit (D:5)
  Edmund (D:4)
  An ogre (D:5)
  A slave (D:5)
  2 phantoms (D:4)
  2 elf zombies (D:4)
  2 big kobolds (D:4)
  Blork the orc (D:4)
  An elf skeleton (D:4)
  2 howler monkeys (D:5)
  A human zombie (D:4)
  2 hounds (D:4)
  2 orc wizards
  A human skeleton (D:4)
  5 worker ants
  12 adders
  8 gnolls
  An adder skeleton (D:4)
  3 worms
  A dart slug (D:4)
  A leopard gecko (D:2)
  9 orcs
  8 bats
  3 giant cockroaches
  7 goblins
  8 hobgoblins
  14 jackals
  4 quokkas
  2 ball pythons
  5 frilled lizards
  A jackal skeleton (D:4)
  16 kobolds
  An orc skeleton (D:4)
  4 rats
133 creatures vanquished.

Notes
Turn   | Place    | Note
-------+----------+-------------------------------------------
     0 | D:1      | Jynx the Merfolk Ice Elementalist began the quest for the Orb.
     0 | D:1      | Reached XP level 1. HP: 13/13 MP: 3/3
   199 | D:1      | Reached XP level 2. HP: 19/19 MP: 0/5
   389 | D:1      | Found a glowing golden altar of the Shining One.
   590 | D:2      | Reached skill level 4 in Ice Magic
   655 | D:2      | Reached XP level 3. HP: 24/24 MP: 4/6
  1130 | D:2      | Reached XP level 4. HP: 14/30 MP: 2/8
  1318 | D:2      | Learned a level 2 spell: Throw Frost
  1322 | D:2      | Learned a level 3 spell: Ozocubu's Armour
  1568 | D:2      | Reached skill level 5 in Ice Magic
  1913 | D:3      | Reached skill level 1 in Conjurations
  2104 | D:3      | You fall through a shaft for 2 floors!
  2104 | D:5      | Entered Level 5 of the Dungeon
  2104 | D:5      | Noticed an ogre
  2109 | D:5      | Found a staircase to the Ecumenical Temple.
  2112 | Temple   | Entered the Ecumenical Temple
  2151 | Temple   | Became a worshipper of Makhleb the Destroyer
  2204 | D:5      | Killed an ogre
  2204 | D:5      | Reached skill level 1 in Charms
  2204 | D:5      | Reached XP level 5. HP: 13/35 MP: 0/9
  2376 | D:4      | Reached XP level 6. HP: 37/41 MP: 4/10
  2660 | D:4      | Noticed Blork the orc
  2660 | D:4      | Noticed a phantom
  2677 | D:4      | Killed Blork the orc
  2677 | D:4      | Reached skill level 6 in Ice Magic
  2690 | D:4      | Killed a phantom
  2690 | D:4      | Reached skill level 1 in Fighting
  2690 | D:4      | Reached skill level 1 in Polearms
  2690 | D:4      | Reached XP level 7. HP: 11/48 MP: 6/12
  3394 | D:4      | Reached * piety under Makhleb
  3768 | D:3      | Found a shattered altar of Ashenzari.
  3771 | D:3      | Found a stormy altar of Qazlal.
  3774 | D:3      | Found a blossoming altar of Fedhas.
  3775 | D:3      | Found a sacrificial altar of Ru.
  4129 | D:4      | HP: 1/50 [big kobold/club (4)]
  4519 | D:4      | Reached ** piety under Makhleb
  4546 | D:4      | Reached XP level 8. HP: 30/57 MP: 9/13
  4781 | D:4      | Noticed Edmund
  4791 | D:4      | Killed Edmund
  4791 | D:4      | Reached skill level 7 in Ice Magic
  5431 | D:5      | Noticed Prince Ribbit
  5453 | D:5      | Killed Prince Ribbit
  5930 | D:5      | Noticed Menkaure
  6119 | D:4      | Learned a level 4 spell: Throw Icicle
  6124 | D:4      | Learned a level 4 spell: Summon Ice Beast
  6126 | D:4      | Learned a level 1 spell: Pain
  6141 | D:5      | Slain by Menkaure

Skill      XL: |  1  2  3  4  5  6  7  8 |
---------------+-------------------------+-----
Ice Magic      | 4 5 6 7 |  7.8
Conjurations   | 1 2 3 |  3.3
Spellcasting   | 3 4 |  4.5
Charms         | 1 2 3 4 |  4.3
Fighting       | 1 2 3 |  3.4
Polearms       | 1 3 4 |  4.5
Dodging        | |  2.6
Stealth        | |  2.1

Action                   |  1- 3 |  4- 6 |  7- 9 || total
-------------------------+-------+-------+-------++-------
Melee: Dagger            |    24 |     1 |       ||    25
       Unarmed           |     4 |       |       ||     4
       Short sword       |       |     4 |       ||     4
       Halberd           |       |    18 |   134 ||   152
       Falchion          |       |     8 |       ||     8
 Cast: Freeze            |    39 |    78 |   142 ||   259
       Ozocubu's Armour  |       |     3 |     3 ||     6
  Use: Scroll            |     3 |       |    11 ||    14
       Potion            |       |       |     1 ||     1
 Stab: Sleeping          |       |       |     6 ||     6
  Eat: Chunk             |       |     7 |    10 ||    17
       Pizza             |       |       |     1 ||     1
Armor: Robe              |     5 |    19 |    40 ||    64
Dodge: Dodged            |    45 |    72 |   117 ||   234
       Rpst.: Falchion   |       |     5 |       ||     5
